 Dungeon Crawl Stone Soup version 0.23-a0-767-gdc19b93d68 (webtiles) character file.

6954 Infinimo the Carver (level 10, -1/124 HPs)
             Began as a Demonspawn Berserker on Jan 23, 2019.
             Was a High Priest of Trog.
             Slain by a slime creature (8 damage)
             ... on level 8 of the Dungeon on Jan 28, 2019.
             The game lasted 00:14:26 (9109 turns).

Infinimo the Carver (Demonspawn Berserker)          Turns: 9109, Time: 00:14:27

Health: -1/124     AC: 18    Str: 27    XL:     10   Next: 80%
Magic:  0/10       EV:  8    Int:  8    God:    Trog [*****.]
Gold:   552        SH:  5    Dex: 16    Spells: 9/9 levels left

rFire    . . .     SeeInvis +   b - +0 falchion (elec)
rCold    . . .     Gourm    .   p - +0 buckler
rNeg     . . .     Faith    .   a - +1 plate armour
rPois    .         Spirit   +   m - +2 hat
rElec    .         Reflect  .   F - +0 cloak
rCorr    .         Harm     .   (no gloves)
MR       .....                  o - +0 pair of boots
Stlth    ..........             (no amulet)
HPRegen  0.30/turn              v - ring of see invisible
MPRegen  0.12/turn              j - +2 ring of protection

@: berserking (expiring), afraid, very quick
A: talons 2, thin skeletal structure 2, powered by death 1, magic shield
a: Berserk, Trog's Hand, Brothers in Arms, Renounce Religion


You were on level 8 of the Dungeon.
You worshipped Trog.
Trog was extremely pleased with you.
You were near starving.

You visited 1 branch of the dungeon, and saw 8 of its levels.
You also visited: Ossuary.

You collected 552 gold pieces.

Inventory:

Hand Weapons
 b - a +0 falchion of electrocution (weapon)
 y - the +3 scimitar of Resourcefulness {slice, *Drain rC+ Str-3 Int+8}
   (Trog gifted it to you in an ossuary)

   It inflicts extra damage upon your enemies.
   It affects your strength (-3).
   It affects your intelligence (+8).
   It protects you from cold.
   It causes draining when unequipped.
 z - a +0 long sword
Armour
 a - a +1 plate armour (worn)
 m - a +2 hat (worn)
 o - a +0 pair of boots (worn)
 p - a +0 buckler (worn)
 F - a +0 cloak (worn)
Jewellery
 f - a +5 ring of strength {unknown}
 j - a +2 ring of protection (right hand)
 v - a ring of see invisible (left hand)
 G - an uncursed amulet of harm {unknown}
 J - an uncursed amulet of guardian spirit {unknown}
Wands
 s - a wand of digging (5)
Scrolls
 e - 4 scrolls of identify
 g - 3 scrolls of remove curse
 h - a scroll of enchant weapon
 i - 7 scrolls of teleportation
 l - a scroll of magic mapping {unknown}
 w - 2 scrolls of noise {unknown}
 x - 2 scrolls of fear
 C - a scroll of fog {unknown}
 D - a scroll of silence {unknown}
 H - a scroll of enchant armour
Potions
 d - a potion of ambrosia
 k - 9 potions of curing
 n - 2 potions of mutation {unknown}
 q - 5 potions of lignification
 r - 5 potions of might
 t - 2 potions of heal wounds {unknown}
 u - a potion of resistance {unknown}
 A - 3 potions of flight {unknown}
 B - a potion of experience {unknown}
 E - a potion of brilliance {unknown}
Comestibles
 c - 14 rations
 I - a chunk of flesh


   Skills:
 + Level 9.5 Fighting
 * Level 11.6 Long Blades
 - Level 2.6 Armour
 - Level 2.7 Dodging
 - Level 5.0 Shields


You had 9 spell levels left.
You didn't know any spells.
Your spell library was empty.

Dungeon Overview and Level Annotations

Branches:
Dungeon (8/15)             Temple (0/1) D:7
   Lair: D:8-11

Altars:
Dithmenos
Elyvilon
Fedhas
Gozag
Hepliaklqana
Makhleb
Sif Muna
Uskayaw
Wu Jian
Xom
The Shining One

Shops:
D:7 :

Annotations:
D:8 1 transporter


Innate Abilities, Weirdness & Mutations

You have razor-sharp toenails.
You have a moderately thin skeletal structure. (Dex +4, Stealth+)
You regenerate a little health from kills.
When hurt, damage is shared between your health and your magic reserves.


Message History

You are too berserk!
The slime creature is heavily wounded.
The glowing orange brain pulsates.
The glowing orange brain radiates an aura of fear!
You are terrified of the glowing orange brain!
The slime creature jiggles.
You riposte.
The slime creature is moderately wounded.
You are too berserk!
The slime creature is heavily wounded.
The slime creature is heavily wounded.
The slime creature is almost dead.
You kill the slime creature!
Trog accepts your kill. The slime creature hits you.
* * * LOW HITPOINT WARNING * * *
The glowing orange brain is moderately wounded.
The glowing orange brain is heavily wounded.
The slime creature hits you!
You die...

#........##..##.
###....#....)..#..
#..©...###.....#.#
#######.......##.#
##.###.##..........
#..#.#..##.#.......
#)........###.......
###.JJ..####........
#©@G...[##.........
###.l...###...###..#
#........©#..####.##
#..#.#.!##.####..#
##.###J##........#
#######...#...###
#..©.....###...#
##.....(.####..###
##......##.......


You could see 2 slime creatures, a glowing orange brain and an iguana.

Vanquished Creatures
  Harold (D:7)
  Pikel (D:6)
  A hornet (D:5)
  3 slime creatures (D:8)
  A hippogriff (D:8)
  A spriggan (D:7)
  Menkaure (D:4)
  Edmund (D:6)
  A water moccasin (D:5)
  2 ice beasts (D:6)
  3 phantoms
  5 sky beasts
  2 ogres
  3 centaurs
  2 big kobolds
  4 bullfrogs
  2 wyvern zombies (Ossuary)
  A water moccasin skeleton (D:7)
  4 scorpions
  3 killer bees (D:7)
  A howler monkey (D:5)
  5 wights
  2 crimson imps
  3 centaur zombies
  6 hounds
  A jelly (D:7)
  5 bullfrog zombies
  2 centaur skeletons
  4 orc priests
  8 orc wizards
  2 bullfrog skeletons
  Jessica (D:2)
  3 iguanas
  4 worker ants
  Terence (D:3)
  A killer bee zombie (Ossuary)
  3 hound zombies (Ossuary)
  A hound skeleton (D:8)
  17 mummies (Ossuary)
  5 worker ant zombies
  A howler monkey zombie (D:5)
  3 gnolls (D:6)
  13 adders
  3 shadow imps
  2 oozes
  3 adder zombies
  5 adder skeletons
  A worm (D:2)
  A dart slug (D:1)
  A leopard gecko (D:2)
  22 orcs
  2 ball pythons
  7 giant cockroaches
  6 goblins
  12 hobgoblins
  6 jackals
  15 kobolds
  2 quokkas
  6 bats
  2 frilled lizards
  2 giant cockroach zombies
  A goblin zombie (D:7)
  2 jackal skeletons (D:5)
  2 jackal zombies (D:5)
  2 leopard gecko skeletons (D:5)
  2 leopard gecko zombies
  4 quokka zombies
  7 rats
  A rat zombie (D:7)
  A withered plant (Ossuary)
254 creatures vanquished.

Vanquished Creatures (others)
  A withered plant (Ossuary)
1 creature vanquished.

Grand Total: 255 creatures vanquished

Notes
Turn   | Place    | Note
-------+----------+-------------------------------------------
     0 | D:1      | Infinimo the Demonspawn Berserker began the quest for the
                  | Orb.
     0 | D:1      | Reached XP level 1. HP: 18/18 MP: 1/1
   166 | D:1      | Gained mutation: You regenerate a little health from kills.
                  | [demonic ancestry]
   166 | D:1      | Reached XP level 2. HP: 17/24 MP: 2/2
   379 | D:1      | Reached skill level 3 in Long Blades
   702 | D:1      | Gained mutation: You have a somewhat thin skeletal
                  | structure. (Dex +2, Stealth) [demonic ancestry]
   702 | D:1      | Reached XP level 3. HP: 26/29 MP: 3/3
   959 | D:2      | Found a glowing golden altar of the Shining One.
   962 | D:2      | Reached ** piety under Trog
   970 | D:2      | Found a shimmering altar of Xom.
   972 | D:2      | Found a hide-covered altar of Uskayaw.
   972 | D:2      | Found a deep blue altar of Sif Muna.
  1220 | D:2      | Noticed Jessica
  1234 | D:2      | Killed Jessica
  1234 | D:2      | Gained mutation: You have a moderately thin skeletal
                  | structure. (Dex +4, Stealth+) [demonic ancestry]
  1234 | D:2      | Reached XP level 4. HP: 22/35 MP: 4/4
  1724 | D:2      | Found a hazy altar of Hepliaklqana.
  1724 | D:2      | Found a white marble altar of Elyvilon.
  1724 | D:2      | Found a burning altar of Makhleb.
  1726 | D:2      | Found an opulent altar of Gozag.
  1728 | D:2      | Found a glowing golden altar of the Shining One.
  2305 | D:3      | Noticed a centaur
  2313 | D:3      | Killed a centaur
  2313 | D:3      | Reached XP level 5. HP: 35/42 MP: 5/5
  2376 | D:3      | Reached skill level 1 in Shields
  2491 | D:3      | Reached skill level 4 in Long Blades
  2512 | D:3      | Noticed Terence
  2525 | D:3      | Killed Terence
  2567 | D:3      | Gained mutation: You have sharp toenails. [demonic
                  | ancestry]
  2567 | D:3      | Reached XP level 6. HP: 44/48 MP: 6/6
  2812 | D:3      | Found an ornate altar of the Wu Jian Council.
  2838 | D:3      | Found a blossoming altar of Fedhas.
  3517 | D:4      | Reached skill level 5 in Long Blades
  3684 | D:4      | Noticed Menkaure
  3694 | D:4      | Killed Menkaure
  3694 | D:4      | Gained mutation: You have razor-sharp toenails. [demonic
                  | ancestry]
  3694 | D:4      | Reached XP level 7. HP: 55/55 MP: 7/7
  3708 | D:4      | Reached skill level 5 in Fighting
  3853 | D:4      | Found a shadowy altar of Dithmenos.
  3970 | D:4      | Reached *** piety under Trog
  4031 | D:4      | Reached skill level 6 in Long Blades
  4210 | D:5      | Entered Level 5 of the Dungeon
  4249 | D:5      | Reached XP level 8. HP: 13/63 MP: 8/8
  5361 | D:5      | Reached skill level 7 in Long Blades
  5431 | D:5      | Noticed a hornet
  5446 | D:5      | Paralysed by a hornet for 1 turns
  5448 | D:5      | Killed a hornet
  5676 | D:5      | Reached **** piety under Trog
  5861 | D:5      | Reached XP level 9. HP: 65/71 MP: 9/9
  5886 | D:5      | Reached skill level 8 in Long Blades
  6097 | D:6      | Noticed Edmund
  6108 | D:6      | Killed Edmund
  6108 | D:6      | Reached skill level 5 in Shields
  6365 | D:6      | Found a burning altar of Makhleb.
  6404 | D:6      | Reached skill level 9 in Long Blades
  6484 | D:6      | Noticed Pikel
  6492 | D:6      | Killed Pikel
  6560 | D:6      | You fall through a shaft for 2 floors!
  6577 | D:7      | Found Tiuddent's Book Boutique.
  6792 | D:7      | Noticed Harold
  6802 | D:7      | Killed Harold
  6802 | D:7      | Reached skill level 10 in Long Blades
  6802 | D:7      | Gained mutation: When hurt, damage is shared between your
                  | health and your magic reserves. [demonic ancestry]
  6802 | D:7      | Reached XP level 10. HP: 81/81 MP: 10/10
  6837 | D:7      | Found a staircase to the Ecumenical Temple.
  6844 | D:7      | Reached ***** piety under Trog
  7244 | D:7      | Found a sand-covered staircase.
  7252 | Ossuary  | Entered an ossuary
  7341 | Ossuary  | Received a gift from Trog
  7344 | Ossuary  | Got a dazzling scimitar {god gift}
  7345 | Ossuary  | Identified the +3 scimitar of Resourcefulness {slice,
                  | *Drain rC+ Str-3 Int+8} (Trog gifted it to you in an
                  | ossuary)
  8035 | D:6      | Reached skill level 11 in Long Blades
  9049 | D:8      | Found a transporter.
  9049 | D:8      | Noticed a glowing orange brain
  9067 | D:8      | Found a transporter.
  9109 | D:8      | Slain by a slime creature

Vault maps used:
D:1:      shiori_shiawase
D:2:      minitemple, chequers_temple_overflow_statue_of_worship,
          tso_metal_star, uniq_jessica
D:3:      old_standard_altar, nicolae_overflow_hidden_temple, uniq_terence
D:4:      grunt_dithmenos_shadows, first_ration, uniq_menkaure
D:5:      serial_undead, serial_undead_d, serial_undead_e, serial_undead_d,
          serial_undead_d, serial_undead_d, serial_undead_d, serial_undead_d,
          serial_undead_e, kennysheep_generic_room_11
D:6:      makhleb_heckhound_becter, uniq_pikel, uniq_edmund
D:7:      minmay_temple_entry_butterflies, serial_shops, nicolae_shop_trees,
          enter_ossuary_4, the_bakery, uniq_harold
D:8:      gammafunk_jiyva_shrine
Ossuary:  ossuary_zaba_flooded

Skill      XL: |  1  2  3  4  5  6  7  8  9 10 |
---------------+-------------------------------+-----
Armour         | 2 |  2.6
Dodging        | 2 |  2.7
Long Blades    | 3 4 5 6 7 10 11 | 11.6
Fighting       | 4 5 6 8 9 |  9.5
Shields        | 1 2 3 4 5 |  5.0

Action                   |  1- 3 |  4- 6 |  7- 9 | 10-12 || total
-------------------------+-------+-------+-------+-------++-------
Melee: Falchion          |    90 |   144 |   463 |   344 ||  1041
       Long sword        |       |       |     6 |       ||     6
Invok: Berserk           |     1 |     5 |     7 |     3 ||    16
  Use: Scroll            |       |     4 |     8 |       ||    12
 Stab: Sleeping          |     2 |     1 |       |       ||     3
  Eat: Chunk             |     2 |     8 |    11 |     7 ||    28
       Ration            |       |     1 |     2 |     1 ||     4
Armor: Animal skin       |    15 |     1 |       |       ||    16
       Scale mail        |       |    52 |   123 |       ||   175
       Plate armour      |       |       |   111 |   235 ||   346
Dodge: Dodged            |    83 |    67 |   170 |   110 ||   430
Block: Buckler           |       |    31 |   101 |    79 ||   211
       Rpst.: Falchion   |    17 |    20 |    55 |    24 ||   116

Table legend:
 A = Non-vault XP
 B = Vault XP
 C = Vault XP percentage of total XP
 D = Non-vault monster count
 E = Vault monster count
 F = Vault count percentage of total count
                 A         B        C        D         E       F
            +---------+---------+-------+---------+---------+-------
      Total |    5621 |    4314 |  43.4 |     182 |      71 |  28.1
            +---------+---------+-------+---------+---------+-------
        D:1 |      47 |       0 |   0.0 |      25 |       0 |   0.0
        D:2 |      74 |      37 |  33.3 |      13 |       1 |   7.1
        D:3 |     302 |      32 |   9.6 |      32 |       1 |   3.0
        D:4 |     624 |     183 |  22.7 |      17 |       2 |  10.5
        D:5 |    1185 |     591 |  33.3 |      22 |      21 |  48.8
        D:6 |    1087 |     822 |  43.1 |      22 |       3 |  12.0
        D:7 |    1226 |    1192 |  49.3 |      32 |       4 |  11.1
        D:8 |    1076 |     530 |  33.0 |      19 |       2 |   9.5
    Ossuary |       0 |     927 | 100.0 |       0 |      37 | 100.0
            +---------+---------+-------+---------+---------+-------
